 Dungeon Crawl Stone Soup version 0.15-a0-1264-gd2883c7 (webtiles) character file.

2163 zercules the Grappler (level 9, -5/75 HPs)
             Began as a Troll Transmuter on June 5, 2014.
             Was a Believer of Dithmenos.
             Slain by an ogre
             ... wielding a +0,+0 giant spiked club
              (16 damage)
             ... on Level 8 of the Dungeon.
             The game lasted 00:43:22 (7324 turns).

zercules the Grappler (Troll Transmuter)            Turns: 7324, Time: 00:43:22

HP  -5/75        AC  6     Str 20      XL: 9   Next: 10%
MP  16/16        EV  9     Int 12      God: Dithmenos [**....]
Gold 219         SH  0     Dex 10      Spells:  1 memorised,  9 levels left

rFire  . . .     SeeInvis .       - Unarmed
rCold  . . .     Clarity  +     u - +1 robe {MR+}
rNeg   . . .     rCorr    .     (shield restricted)
rPois  +         rRot     .     (helmet restricted)
rElec  .         Spirit   .     (no cloak)
SustAb .         Warding  .     (gloves unavailable)
rMut   .         Stasis   .     (boots unavailable)
Gourm  +                        F - amulet of clarity
MR     +....                    z - ring of poison resistance
                                D - ring of magical power

@: wreathed by umbra, somewhat resistant to hostile enchantments, very
unstealthy
A: unfitting armour, claws 3, fast metabolism 3, gourmand, regeneration 2,
saprovore 2, shaggy fur 1, tough skin 2
a: Shadow Step, Renounce Religion


You were on level 8 of the Dungeon.
You worshipped Dithmenos.
Dithmenos was pleased with you.
You were not hungry.

You visited 2 branches of the dungeon, and saw 9 of its levels.

You collected 219 gold pieces.

Inventory:

Hand weapons
 a - a +0,+1 sling
Missiles
 b - 12 arrows
 x - 10 sling bullets
 M - 3 curare-tipped needles
Armour
 c - a +0 robe
 k - a +0 robe
 r - a cursed +2 robe
 u - a +1 robe of magic resistance (worn)
 G - a +0 cloak
Magical devices
 h - a wand of magic darts (8)
 s - a wand of magic darts (7)
Comestibles
 g - a slice of pizza
 l - 6 bread rations
 w - 5 meat rations
 N - 2 fruits
Scrolls
 o - 2 scrolls of recharging
 t - 2 scrolls of blinking
 y - a scroll of enchant armour
 B - a scroll of remove curse {unknown}
 C - 2 scrolls of teleportation {unknown}
 E - 2 scrolls of immolation
 H - a scroll of enchant weapon II
 J - a scroll of random uselessness {unknown}
 K - a scroll of noise {unknown}
 L - a scroll of brand weapon {unknown}
Jewellery
 f - an uncursed amulet of rage
 i - an uncursed amulet of warding
 q - an uncursed ring of flight
 z - a ring of poison resistance (right claw)
 D - a ring of magical power (left claw)
 F - an amulet of clarity (around neck)
Potions
 e - 2 potions of brilliance {unknown}
 j - a potion of heal wounds
 m - 8 potions of curing
 n - 2 potions of poison {unknown}
 p - a potion of agility {unknown}
 A - 2 potions of restore abilities {unknown}
 I - a potion of invisibility {unknown}
Books
 d - a book of Changes

   Spells                             Type                      Level
   *Beastly Appendage                 Transmutation                1
   Sticks to Snakes                   Transmutation                2
   Spider Form                        Transmutation/Poison         3
   Ice Form                           Ice/Transmutation            4
   Blade Hands                        Transmutation                5
Magical staves
 v - an uncursed staff of cold


   Skills:
 - Level 0.7 Fighting
 + Level 2.8 Slings
 - Level 1.5 Dodging
 + Level 11.4 Unarmed Combat
 - Level 1.2 Spellcasting
 - Level 1.3 Transmutations


You had 9 spell levels left.
You knew the following spells:

 Your Spells              Type           Power        Failure   Level  Hunger
a - Beastly Appendage     Trmt           #.....       17%         1    ##.....


Dungeon Overview and Level Annotations

Branches:
Dungeon (8/15)             Temple (1/1) D:7            Lair (0/8) D:8

Altars:
Ashenzari
Cheibriados
Dithmenos
Elyvilon
Fedhas
Gozag
Makhleb
Nemelex Xobeh
Okawaru
Qazlal
Sif Muna
Trog
Vehumet
Xom
Yredelemnul
Zin
The Shining One

Annotations:
D:7 exclusion: statue, Joseph


Innate Abilities, Weirdness & Mutations

You are too large for most types of armour.
You have claws for hands.
Your metabolism is lightning-fast.
You like to eat raw meat.
You heal very quickly.
You can eat rotten meat.
You are covered in fur (AC +1).
You have very tough skin (AC +2).


Message History

Dithmenos accepts your kill.
Dithmenos appreciates your extinguishing a source of fire.
C - 2 scrolls labeled QIXAOLITRO (gained 1)
Things that are here:
a battleaxe; a robe You see here a naga barding.
Found 4 needles of confusion.
Found an escape hatch in the ceiling.
An ogre comes into view. It is wielding a giant spiked club.
The ogre shouts!
You mangle the ogre!!
The ogre begins to bleed from its wounds!
The ogre is almost dead.
The ogre hits you with a giant spiked club!!
* * * LOW HITPOINT WARNING * * *
Huge Dmg: -47%(-35hp) hp: 11%(8hp)
The ogre is no longer bleeding.
There is an escape hatch in the ceiling here.
The ogre hits you with a giant spiked club!
You die...

.##..#.###....#
.(... #.####
#.###..# #.#
.......#####.###
# #....[)....#
##.###........#.#
#.....#.#######.#
###..##.#.##### #
...$.......O@..#
###..##.#.###.#
#. .?.#... ..
#.....###### ##
##...# ##.# #.


You could see an ogre.

Vanquished Creatures
  Eustachio (D:4)
  2 phantoms (D:7)
  A wandering mushroom (D:8)
  2 centaurs
  Duvessa (D:4)
  A big kobold (D:8)
  Blork the orc (D:8)
  2 scorpions
  3 giant frogs
  A troll zombie (D:7)
  4 crimson imps
  Dowan (D:4)
  6 orc priests
  2 orc wizards
  2 hounds (D:5)
  A gnoll shaman (D:7)
  A giant frog skeleton (D:4)
  An iguana (D:5)
  3 worker ants
  Ijyb (D:5)
  Jessica (D:2)
  A mummy (D:3)
  12 gnolls
  A green rat (D:4)
  9 adders
  A shadow imp (D:5)
  A giant mite (D:4)
  3 worms
  An iguana zombie (D:7)
  4 giant geckos
  An ooze (D:7)
  14 orcs
  7 giant cockroaches
  14 goblins
  14 hobgoblins
  8 jackals
  5 quokkas
  A ball python (D:5)
  15 bats
  A giant gecko skeleton (D:7)
  5 giant newts
  A goblin skeleton (D:5)
  A jackal zombie (D:4)
  24 kobolds
  A kobold skeleton (D:5)
  A kobold zombie (D:5)
  2 orc skeletons
  8 rats
  2 fungi (D:8)
196 creatures vanquished.

Vanquished Creatures (others)
  2 fungi (D:8)
2 creatures vanquished.

Grand Total: 198 creatures vanquished

Notes
Turn   | Place    | Note
--------------------------------------------------------------
     0 | D:1      | zercules, the Troll Transmuter, began the quest for the Orb.
     0 | D:1      | Reached XP level 1. HP: 18/18 MP: 2/2
   214 | D:1      | Reached XP level 2. HP: 23/26 MP: 2/2
   549 | D:1      | Reached skill level 4 in Unarmed Combat
   780 | D:2      | Reached XP level 3. HP: 32/32 MP: 3/3
   858 | D:2      | Found a shadowy altar of Dithmenos.
   911 | D:2      | Found an opulent altar of Gozag.
  1406 | D:2      | Reached XP level 4. HP: 40/40 MP: 4/4
  1424 | D:2      | Noticed Jessica
  1428 | D:2      | Huge Dmg: 8 dmg
  1433 | D:2      | Killed Jessica
  1433 | D:2      | Reached skill level 5 in Unarmed Combat
  1631 | D:3      | Huge Dmg: 14 dmg
  1632 | D:4      | Noticed Eustachio
  1668 | D:4      | Killed Eustachio
  1668 | D:4      | Reached skill level 6 in Unarmed Combat
  1668 | D:4      | Reached XP level 5. HP: 26/46 MP: 4/4
  1784 | D:4      | Reached XP level 6. HP: 36/54 MP: 3/5
  1799 | D:4      | Reached skill level 7 in Unarmed Combat
  2038 | D:4      | Noticed Dowan
  2039 | D:4      | Noticed Duvessa
  2058 | D:4      | Killed Dowan
  2060 | D:4      | Huge Dmg: 11 dmg
  2063 | D:4      | Killed Duvessa
  2444 | D:4      | Reached skill level 8 in Unarmed Combat
  2444 | D:4      | Reached XP level 7. HP: 37/61 MP: 5/5
  2985 | D:5      | Entered Level 5 of the Dungeon
  2993 | D:5      | Huge Dmg: 12 dmg
  2994 | D:5      | Huge Dmg: 8 dmg
  3066 | D:5      | Noticed Ijyb
  3074 | D:5      | Killed Ijyb
  3223 | D:5      | Found a basalt altar of Yredelemnul.
  3515 | D:5      | Reached skill level 9 in Unarmed Combat
  3745 | D:6      | Huge Dmg: 16 dmg
  3851 | D:6      | Huge Dmg: 11 dmg
  4003 | D:6      | Reached XP level 8. HP: 68/68 MP: 6/6
  4321 | D:7      | Found a staircase to the Ecumenical Temple.
  4327 | Temple   | Entered the Ecumenical Temple
  4916 | D:2      | Became a worshipper of Dithmenos the Shadowed
  5088 | D:3      | Reached skill level 10 in Unarmed Combat
  5456 | D:3      | Huge Dmg: 13 dmg
  5737 | D:5      | Found a stormy altar of Qazlal.
  5737 | D:5      | Found a glowing silver altar of Zin.
  6146 | D:7      | Reached skill level 1 in Slings
  6164 | D:7      | Huge Dmg: 19 dmg
  6241 | D:7      | Noticed Joseph
  6246 | D:7      | Huge Dmg: 13 dmg
  6247 | D:7      | Huge Dmg: 19 dmg
  6249 | D:7      | Huge Dmg: 20 dmg
  6601 | D:7      | Found a radiant altar of Vehumet.
  6610 | D:7      | Reached skill level 11 in Unarmed Combat
  7052 | D:7      | Acquired Dithmenos' first power
  7054 | D:7      | Found a shattered altar of Ashenzari.
  7203 | D:8      | Found a staircase to the Lair.
  7203 | D:8      | Noticed a wandering mushroom
  7227 | D:8      | Killed a wandering mushroom
  7227 | D:8      | Reached XP level 9. HP: 58/75 MP: 7/7
  7301 | D:8      | Noticed Blork the orc
  7309 | D:8      | Huge Dmg: 10 dmg
  7309 | D:8      | Killed Blork the orc
  7320 | D:8      | Huge Dmg: 35 dmg
  7324 | D:8      | Slain by an ogre

Action                   |  1- 3 |  4- 6 |  7- 9 || total
-------------------------+-------+-------+-------++-------
Melee: Unarmed           |   112 |   128 |   360 ||   600
 Fire: Sling             |       |       |    10 ||    10
 Cast: Beastly Appendage |       |     1 |     4 ||     5
Evoke: Wand              |       |       |     3 ||     3
  Use: Scroll            |       |     3 |     7 ||    10
       Potion            |       |       |     1 ||     1
 Stab: Sleeping          |       |       |     1 ||     1
